 Dungeon Crawl Stone Soup version 0.29-a0-284-gf9362112df (webtiles) character file.

Game seed: 4664703056996969609

75264 Warped the Severer (level 15, 0/113 (137) HPs)
             Began as a Minotaur Gladiator on Mar 22, 2022.
             Was a Believer of Makhleb.
             Slain by a spectral orc knight
             ... wielding a +0 halberd
             ... summoned by Nergalle
              (2 damage)
             ... on level 12 of the Dungeon.
             The game lasted 00:50:29 (29510 turns).

Warped the Severer (Minotaur Gladiator)            Turns: 29510, Time: 00:50:29

HP:   0/113 (137)   AC: 23    Str: 31    XL:     15   Next: 9%
MP:   14/14         EV: 15    Int:  5    God:    Makhleb [**....]
Gold: 2017          SH:  0    Dex: 13    Spells: 14/14 levels left

rFire   . . .      SeeInvis .   a - +2 war axe (flame)
rCold   + + .      Faith    .   (no shield)
rNeg    . . .      Spirit   .   J - +1 ice dragon scales
rPois   .          Reflect  .   I - +1 hat
rElec   +          Harm     .   H - +1 cloak {Will+}
rCorr   .          Rampage  .   v - +0 pair of gloves
Will    ++...                   c - +0 pair of boots
Stlth   ..........              (no amulet)
HPRegen 0.28/turn               l - +6 ring of strength
MPRegen 0.14/turn               z - ring of protection from fire

@: about to teleport, heavily drained
A: horns 2, retaliatory headbutt, electricity resistance
a: Renounce Religion, Minor Destruction


You were on level 12 of the Dungeon.
You worshipped Makhleb.
Makhleb was pleased with you.
You visited 4 branches of the dungeon, and saw 21 of its levels.
You also visited: Ice Cave and Volcano.

You collected 2017 gold pieces.

Inventory:

Hand Weapons
 a - a +2 war axe of flaming (weapon)
 b - a +4 spectral battleaxe
 B - a +0 hunting sling
 D - a +2 vampiric demon trident
 O - a +0 arbalest of flaming
 U - a +4 demon trident of venom
Missiles
 e - 7 javelins (quivered)
 p - 622 stones
 y - 20 boomerangs
 A - 31 poisoned darts
Armour
 c - a +0 pair of boots (worn)
 v - a +0 pair of gloves (worn)
 H - a +1 cloak of willpower (worn)
 I - a +1 hat (worn)
 J - +1 ice dragon scales (worn)
 X - +0 shadow dragon scales
 Z - a +3 chain mail of fire resistance
Jewellery
 j - a ring of magical power
 l - a +6 ring of strength (left hand)
 z - a ring of protection from fire (right hand)
 K - a ring of resist corrosion
 L - a ring of positive energy
Wands
 h - a wand of flame (31)
 s - a wand of paralysis (33)
 F - a wand of iceblast (5)
Scrolls
 d - a scroll of fog
 k - 2 scrolls of enchant weapon
 m - 3 scrolls of identify
 r - 2 scrolls of fear
 w - 2 scrolls of teleportation
 M - 2 scrolls of silence
 S - a scroll of blinking
 T - 2 scrolls of amnesia
 W - a scroll of summoning
Potions
 f - 5 potions of mutation
 g - 4 potions of ambrosia
 i - a potion of berserk rage
 t - a potion of attraction
 x - a potion of invisibility {unknown}
 C - a potion of might
 E - a potion of magic
 G - 4 potions of flight
 N - 5 potions of curing
 P - 2 potions of resistance
 Q - 3 potions of haste
 R - 2 potions of lignification
Miscellaneous
 Y - a piece from Xom's chessboard (15/15)


   Skills:
 * Level 13.7 Fighting
 + Level 19.7 Axes
 - Level 2.0 Throwing
 + Level 15.5 Armour
 + Level 11.8 Dodging
 + Level 7.2 Evocations


You had 14 spell levels left.
You didn't know any spells.
Your spell library contained the following spells:

 Spells                   Type           Power      Damage    Failure   Level
 Corpse Rot               Necr/Air       0%         N/A       82%         2
 Sublimation of Blood     Necr           0%         N/A       82%         2
 Conjure Flame            Conj/Fire      0%         6-21      96%         3
 Ignite Poison            Fire/Tmut/Pois 0%         N/A       96%         3
 Ozocubu's Armour         Ice            0%         N/A       96%         3
 Dispel Undead            Necr           0%         3d6       100%        4
 Sticky Flame             Conj/Fire      0%         2d3       100%        4
 Summon Ice Beast         Ice/Summ       0%         N/A       100%        4
 Freezing Cloud           Conj/Ice/Air   0%         6-21      100%        5
 Metabolic Englaciation   Hex/Ice        0%         N/A       100%        5
 Summon Forest            Summ/Tloc      0%         N/A       100%        5
 Summon Mana Viper        Hex/Summ       0%         N/A       100%        5
 Death Channel            Necr           0%         N/A       100%        6
 Simulacrum               Ice/Necr       0%         N/A       100%        6
 Malign Gateway           Summ/Tloc      0%         N/A       100%        7
 Monstrous Menagerie      Summ           0%         N/A       100%        7
 Ozocubu's Refrigeration  Ice            0%         4d5       100%        7
 Polar Vortex             Ice            0%         N/A       100%        9


Dungeon Overview and Level Annotations

Branches:
Dungeon (12/15)            Temple (1/1) D:5            Lair (6/6) D:9
 Shoals (0/4) Lair:4       Spider (0/4) Lair:2        Slime (0/5) Lair:5
    Orc (2/2) D:9             Elf (0/3) Orc:2         IceCv (visited)
Volcano (visited)

Altars:
Ashenzari
Cheibriados
Dithmenos
Elyvilon
Fedhas
Gozag
Hepliaklqana
Kikubaaqudgha
Makhleb
Nemelex Xobeh
Okawaru
Qazlal
Ru
Sif Muna
Trog
Uskayaw
Vehumet
Wu Jian
Xom
Yredelemnul
Zin
The Shining One
Beogh
Lugonu

Shops:
D:10 [   Orc:1 (   Orc:2 :[=(

Portals:
Abyss: Lair:6

Annotations:
D:4 Dowan, Duvessa
D:8 2 runed translucent doors
D:12 Nergalle
Lair:3 2 transporters, Pooter's ghost, journeyman MiMo


Innate Abilities, Weirdness & Mutations

You have a pair of horns on your head.
You reflexively headbutt those who attack you in melee.
You are resistant to electric shocks. (rElec)


Message History

Unknown command.
You hit the spectral orc knight but do no damage.
You headbutt the spectral orc knight!
The spectral orc knight is heavily damaged.
You completely miss the spectral orc warrior.
You hit the spectral orc warrior but do no damage.
The spectral orc knight barely misses you.
The spectral orc knight hits you but does no damage.
The spectral orc warrior hits you but does no damage.
The spectral orc knight barely misses you.
The spectral orc warrior hits you with a +0 flail.
* * * LOW HITPOINT WARNING * * *
You feel drained.
Unknown command.
You barely miss the spectral orc knight.
You headbutt the spectral orc knight.
The spectral orc knight is heavily damaged.
You hit the spectral orc warrior. You burn the spectral orc warrior.
You hit the spectral orc warrior. You burn the spectral orc warrior.
The spectral orc knight hits you!
* * * LOW HITPOINT WARNING * * *
You feel drained.
* * * LOW HITPOINT WARNING * * *
Nergalle casts a spell at you.
Orcish apparitions take form around you.
The spectral orc knight misses you.
The spectral orc knight hits you but does no damage.
The spectral orc warrior closely misses you.
The spectral orc warrior misses you.
You slash the spectral orc knight! You burn the spectral orc knight.
The spectral orc knight is almost destroyed.
You hit the spectral orc warrior. You burn the spectral orc warrior.
You hit the spectral orc warrior but do no damage.
The spectral orc knight hits you!
* * * LOW HITPOINT WARNING * * *
You feel drained.
The spectral orc knight hits you from afar with a +0 halberd!
* * * LOW HITPOINT WARNING * * *
You feel drained.
You die...

.. .. #. # #. ..
#. #.##. #...Z####
#ZZ@Z## #Z##ZZ#
#.( #.##. #Zo# ..
#....##Z.# # ..
##...Z.# .#.#.
##Z#...# . ...
........#
.#.##Z###Z##.....#
.....Z)†)o.......#


You could see Nergalle, 3 spectral orcs, 4 spectral orc warriors and 3 spectral
orc knights.

Vanquished Creatures
  A dire elephant (Lair:4)
  Josephine (Orc:2)
  2 centaur warriors
  2 boulder beetles
  2 catoblepae
  6 hydras
  2 two-headed ogres
  2 thrashing horrors (Lair:6)
  Urug (D:12)
  An orc high priest (Orc:2)
  A fire crab (Volcano)
  A lindwurm (Volcano)
  Pikel (D:5)
  A deep elf pyromancer (D:12)
  An orc sorcerer (Orc:1)
  3 orc knights
  8 ugly things
  2 cyclopes
  6 black mambas
  21 elephants
  A torpor snail (Lair:2)
  A gargoyle (D:12)
  9 cane toads
  2 ice statues (IceCv)
  A cane toad (shapeshifter) (Lair:6)
  Maggie (D:6)
  6 rime drakes
  An unseen horror (D:8)
  Psyche (D:12)
  11 komodo dragons
  A freezing wraith (IceCv)
  An ancient zyme (Lair:6)
  6 trolls
  5 hornets
  34 blink frogs
  Prince Ribbit (D:6)
  3 large abominations (Lair:6)
  Grinder (D:3)
  7 dream sheep
  3 culicivoras (Lair:2)
  3 jumping spiders (Lair:2)
  A vampire (D:11)
  A shadow (D:10)
  2 spriggans
  3 wraiths (Orc:2)
  2 wyverns
  42 yaks
  2 ynoxinuls (Lair:6)
  3 fire bats (Volcano)
  4 chaos spawn (Lair:6)
  5 basilisks
  7 vampire mosquitoes
  2 redbacks (Lair:2)
  A steam dragon (Volcano)
  A warg (Orc:1)
  Edmund (D:6)
  3 hell hounds (Volcano)
  9 water moccasins
  5 sky beasts
  36 orc warriors
  5 black bears
  14 small abominations (Lair:6)
  6 wolves (Lair:3)
  24 centaurs
  6 ogres
  2 lemures
  A phantom (D:7)
  3 kobold brigands
  7 necrophages
  20 bullfrogs
  5 scorpions
  A cane toad simulacrum (IceCv)
  4 wights (D:8)
  An elephant simulacrum (IceCv)
  12 killer bees (D:9)
  An electric eel (Lair:1)
  5 hounds
  2 howler monkeys
  2 iguanas (D:4)
  18 orc priests
  Crazy Yiuf (D:6)
  Jessica (D:2)
  26 orc wizards
  7 hell rats (Lair:4)
  6 gnolls
  6 adders
  14 white imps
  An ufetubus (D:6)
  4 worms
  3 dart slugs
  99 orcs
  6 ball pythons
  10 endoplasms
  7 giant cockroaches
  5 goblins
  10 hobgoblins
  3 jackals (D:4)
  4 quokkas
  A frilled lizard (D:1)
  22 kobolds
  5 rats
674 creatures vanquished.

Vanquished Creatures (others)
  An orc warrior (Orc:2)
  An orc wizard (Orc:2)
  37 fungi
  56 plants
95 creatures vanquished.

Grand Total: 769 creatures vanquished

Notes
Turn   | Place    | Note
-------+----------+-------------------------------------------
     0 | D:1      | Warped the Minotaur Gladiator began the quest for the Orb.
     0 | D:1      | Reached XP level 1. HP: 18/18 MP: 0/0
    87 | D:1      | Reached skill level 4 in Axes
   242 | D:1      | Reached XP level 2. HP: 20/25 MP: 1/1
   896 | D:1      | Reached skill level 5 in Axes
  1083 | D:1      | Reached XP level 3. HP: 30/30 MP: 2/2
  1519 | D:2      | Noticed Jessica
  1523 | D:2      | Killed Jessica
  1524 | D:2      | Reached skill level 6 in Axes
  1524 | D:2      | Reached XP level 4. HP: 35/37 MP: 3/3
  1543 | D:2      | Got Jessica's Incunabulum of Stolen Souls
  1654 | D:2      | You fall into a shaft and drop 2 floors!
  1763 | D:4      | Reached skill level 7 in Axes
  1763 | D:4      | Reached XP level 5. HP: 31/42 MP: 4/4
  1904 | D:4      | Found a blossoming altar of Fedhas.
  1904 | D:4      | Noticed Duvessa
  1904 | D:4      | Noticed Dowan
  1905 | D:4      | Found an opulent altar of Gozag.
  2266 | D:4      | Found a shimmering blue altar of Sif Muna.
  2329 | D:4      | Found a snail-covered altar of Cheibriados.
  2443 | D:4      | Reached skill level 8 in Axes
  2595 | D:4      | Gained mutation: You are occasionally teleported next to
                  | monsters. [potion of mutation]
  2595 | D:4      | Gained mutation: Your flesh is heat resistant. (rF+)
                  | [potion of mutation]
  2599 | D:4      | HP: 2/42 [orc priest/+0 dagger (3)]
  2602 | D:4      | Reached XP level 6. HP: 30/50 MP: 5/5
  2910 | D:4      | Lost mutation: You are occasionally teleported next to
                  | monsters. [potion of mutation]
  2910 | D:4      | Lost mutation: Your flesh is heat resistant. (rF+) [potion
                  | of mutation]
  2910 | D:4      | Gained mutation: You are resistant to electric shocks.
                  | (rElec) [potion of mutation]
  3112 | D:3      | Found an iron altar of Okawaru.
  3123 | D:3      | Reached skill level 9 in Axes
  3168 | D:3      | Noticed Grinder
  4203 | D:3      | Reached XP level 7. HP: 15/56 MP: 6/6
  4679 | D:3      | Found a shadowy altar of Dithmenos.
  4818 | D:3      | Paralysed by Grinder for 4 turns
  4836 | D:3      | Killed Grinder
  4837 | D:3      | Reached skill level 10 in Axes
  4837 | D:3      | Reached skill level 1 in Armour
  5179 | D:5      | Entered Level 5 of the Dungeon
  5242 | D:5      | Found a runed translucent door.
  5278 | D:5      | Reached skill level 11 in Axes
  5295 | D:5      | Reached XP level 8. HP: 32/62 MP: 7/7
  5528 | D:5      | Found a staircase to the Ecumenical Temple.
  5553 | Temple   | Entered the Ecumenical Temple
  5945 | D:6      | Noticed Pikel
  5950 | D:6      | Reached skill level 12 in Axes
  5960 | D:5      | Killed Pikel
  5961 | D:5      | Reached skill level 13 in Axes
  6273 | D:6      | Reached XP level 9. HP: 68/68 MP: 8/8
  6314 | D:6      | Noticed Prince Ribbit
  6328 | D:6      | Killed Prince Ribbit
  6390 | D:6      | Noticed Edmund
  6397 | D:6      | Reached skill level 14 in Axes
  6405 | D:6      | Killed Edmund
  6738 | D:6      | Noticed Maggie
  6752 | D:6      | Killed Maggie
  7019 | D:6      | Found a sacrificial altar of Ru.
  7226 | D:6      | Found a runed translucent door.
  7227 | D:6      | Noticed Crazy Yiuf
  7434 | D:6      | Killed Crazy Yiuf
  7610 | D:7      | Identified the +0 chain mail of the Blizzard {rCorr MP-9
                  | Str+2 Dex+2}
  7668 | D:7      | Reached skill level 15 in Axes
  8188 | D:7      | Reached XP level 10. HP: 80/80 MP: 9/9
  8210 | D:7      | Reached skill level 16 in Axes
  8294 | D:8      | Found an ornate altar of the Wu Jian Council.
  8393 | D:8      | Found an ancient bone altar of Kikubaaqudgha.
  8549 | D:8      | Found a large runed translucent door.
  8549 | D:8      | Found a large runed translucent door.
  8556 | D:8      | Noticed a centaur warrior
  8603 | D:8      | Found a large runed translucent door.
  8603 | D:8      | Found a large runed translucent door.
  8644 | D:8      | Reached skill level 5 in Fighting
  8828 | D:8      | Reached skill level 1 in Evocations
  9046 | D:8      | Reached skill level 5 in Armour
  9285 | D:8      | Noticed a cyan ugly thing
  9296 | D:8      | Noticed a two-headed ogre
  9300 | D:8      | Killed a cyan ugly thing
  9301 | D:8      | Reached skill level 5 in Dodging
  9305 | D:8      | Killed a two-headed ogre
  9678 | D:8      | Killed a centaur warrior
  9988 | D:5      | Reached XP level 11. HP: 91/91 MP: 10/10
 10245 | D:9      | Found a staircase to the Orcish Mines.
 10671 | D:9      | Reached skill level 17 in Axes
 10914 | D:9      | Found a staircase to the Lair.
 11325 | Orc:1    | Entered Level 1 of the Orcish Mines
 11416 | Orc:1    | Found Hubby's Antique Weapon Emporium.
 11602 | Orc:1    | Noticed an orc sorcerer
 11605 | Orc:1    | Paralysed by an orc sorcerer for 5 turns
 11617 | Orc:1    | Killed an orc sorcerer
 11907 | Orc:2    | Entered Level 2 of the Orcish Mines
 12276 | Orc:2    | Noticed an orc knight
 12689 | Orc:2    | Found a staircase to the Elven Halls.
 12689 | Orc:2    | Noticed an orc high priest
 13036 | Orc:2    | Noticed an orc knight
 13037 | Orc:2    | Noticed an orc knight
 13370 | Orc:1    | HP: 1/92 [orc warrior/+0 scimitar (29)]
 13826 | Orc:1    | Killed an orc knight
 14617 | Orc:2    | Noticed Josephine
 14783 | Lair:1   | Entered Level 1 of the Lair of Beasts
 14793 | Lair:1   | Noticed a six-headed hydra
 14800 | Lair:1   | Killed a three-headed hydra
 14997 | Lair:1   | Found a dark tunnel.
 15003 | Volcano  | Entered a volcano
 15330 | Volcano  | Noticed a fire crab
 15349 | Volcano  | Killed a fire crab
 15350 | Volcano  | Reached XP level 12. HP: 54/103 MP: 11/11
 15925 | Lair:1   | Reached skill level 10 in Armour
 17158 | Lair:2   | Reached skill level 18 in Axes
 17321 | Lair:2   | Found a hole to the Spider Nest.
 18048 | Lair:2   | Reached skill level 10 in Fighting
 18699 | Lair:2   | Reached XP level 13. HP: 87/113 MP: 12/12
 19346 | Lair:3   | Noticed Pooter's ghost (journeyman MiMo)
 19567 | Lair:3   | Found a transporter.
 19569 | Lair:3   | Found a transporter.
 20326 | Lair:4   | Noticed a dire elephant
 20350 | Lair:4   | Killed a dire elephant
 20364 | Lair:4   | Reached skill level 10 in Dodging
 21022 | Lair:4   | Found a staircase to the Shoals.
 21584 | Lair:4   | Reached skill level 19 in Axes
 22701 | Orc:2    | Killed Josephine
 22727 | Orc:2    | Reached XP level 14. HP: 52/125 MP: 13/13
 23109 | Orc:2    | Reached skill level 5 in Evocations
 23591 | Orc:2    | Found Kaarir's Antique Armour Emporium.
 23591 | Orc:2    | Found Raull's Jewellery Shop.
 23593 | Orc:2    | Found Dulylasace's Antique Weapon Boutique.
 23595 | Orc:2    | Found Fuzizim's Book Shoppe.
 24204 | Lair:5   | Found a staircase to the Slime Pits.
 24785 | Lair:6   | Entered Level 6 of the Lair of Beasts
 25728 | Lair:6   | Reached skill level 15 in Armour
 26124 | Lair:6   | Identified the +1 robe of Zyrrixze {Will+ Dex+2}
 26461 | Lair:6   | Found a corrupted altar of Lugonu.
 26461 | Lair:6   | Found a one-way gate to the infinite horrors of the Abyss.
 26483 | Lair:6   | Identified the +0 helmet "Lann" {rC+ rN+ Int+3}
 27347 | D:10     | Entered Level 10 of the Dungeon
 27403 | D:10     | Got the Papyrus of the Escort and Flames
 27547 | D:10     | Found a burning altar of Makhleb.
 27594 | D:10     | Became a worshipper of Makhleb the Destroyer
 27613 | D:10     | Found Poujumm's Armour Boutique.
 28076 | D:10     | Reached * piety under Makhleb
 28338 | D:10     | Found a sparkling altar of Nemelex Xobeh.
 28564 | D:11     | Found a frozen archway.
 28582 | IceCv    | Entered an ice cave
 28586 | IceCv    | Found a transporter.
 28595 | IceCv    | Found a transporter.
 29115 | D:12     | Noticed Urug
 29125 | D:12     | Reached XP level 15. HP: 92/136 MP: 14/14
 29130 | D:12     | Killed Urug
 29469 | D:12     | Noticed Psyche
 29473 | D:12     | Noticed Nergalle
 29474 | D:12     | Reached ** piety under Makhleb
 29479 | D:12     | Killed Psyche
 29510 | D:12     | HP: 2/117 [spectral orc knight/+0 halberd[Nergalle] (14)]
 29510 | D:12     | Slain by a spectral orc knight

Illustrated notes

Levels and vault maps discovered:
D:1:      minmay_arrival_arboretum_small, layout_basic, minmay_worlds_worst_comb
D:2:      layout_basic, serial_co_window_serial, co_window_paths_a,
          co_window_corner_a, co_window_paths_b, co_window_corner_a,
          co_window_corner_a, co_window_2corner, co_window_of_opportunity_b,
          co_window_corner_b, co_window_sun, glass_columns_a, glass_columns_b,
          glass_columns_c, glass_columns_a, st_stairs_2,
          kennysheep_jessica_study
D:3:      layout_basic, mainiacjoe_overflow_small_starburst,
          mainiacjoe_overflow_paths, uniq_grinder
D:4:      layout_loops_ring, nicolae_overflow_hidden_temple,
          minmay_misc_feat_room, kennysheep_cross_bottleneck, uniq_duvessa
D:5:      layout_rooms, minmay_temple_entry_mist, lightli_church_of_beogh
D:6:      layout_cave_pools, lemuel_doored_altar, st_stairs_14, uniq_edmund,
          uniq_crazy_yiuf_cottage, uniq_pikel, uniq_maggie, uniq_prince_ribbit1
D:7:      layout_basic, the_hattery
D:8:      layout_rooms, general_overflow_altar, mainiacjoe_overflow_brackets,
          hangedman_abyss_or_decor_clamps, minmay_hollow_rounded_squares
D:9:      layout_loops_cross, lair_entry_dummy, david_orc_2
D:10:     layout_basic, kennysheep_little_box,
          mainiacjoe_overflow_surrounded_room, serial_shops,
          nicolae_shop_hallway_stairs, statue_in_the_mist_lemuel
D:11:     layout_cave_pools, portal_ice_cave_entry_imps
D:12:     layout_big_octagon, minmay_diced_spiral, uniq_psyche, uniq_urug,
          uniq_nergalle
Temple:   chequers_temple_sunken
Lair:1:   layout_chaotic_city, enter_volcano_2, minmay_holes,
          grunt_megastairs_5, serial_bayou_shore_b, serial_bayou_shore_a
Lair:2:   layout_roguey, nicolae_spider_entry_tight_spaces
Lair:3:   layout_regular_city, nzn_ghost_randoct, roderic_carrion_pond,
          grunt_megastairs_3, infiniplex_staircase_pool
Lair:4:   layout_cave_pods, minmay_shoals_entry_centaurs,
          nicolae_lair_grazing_beasts [nicolae_sub_lair_graze_edge,
          nicolae_sub_lair_graze_edge, nicolae_sub_lair_graze_edge,
          nicolae_sub_lair_graze_edge]
Lair:5:   layout_loops_ring, slime_dummy
Lair:6:   hellmonk_lair_end_abyssal_woods, layout_cave_pods,
          nicolae_quartered_pool_super, chequers_serial_rivers_room_a
Orc:1:    layout_caves, basic_altar, serial_shops, nicolae_shop_hallway_plus
Orc:2:    st_orc_rangers, layout_caves, uniq_josephine

Skill      XL: |  1  2  3  4  5  6  7  8  9 10 11 12 13 14 |
---------------+-------------------------------------------+-----
Axes           | 4 5 6 7 8 9 11 13 15 16 17 18 19 | 19.7
Armour         | 2 4 6 9 12 14 15 | 15.5
Dodging        | 4 5 7 9 10 11 | 11.8
Fighting       | 4 6 8 10 11 13 | 13.7
Evocations     | 3 4 7 |  7.2
Throwing       | |  2.0

Action                   |  1- 3 |  4- 6 |  7- 9 | 10-12 | 13-15 || total
-------------------------+-------+-------+-------+-------+-------++-------
Melee: War axe           |    66 |   133 |   188 |   620 |   353 ||  1360
       Headbutt          |     7 |    20 |    31 |    99 |   175 ||   332
       Punch             |     1 |       |       |     7 |     9 ||    17
       Glaive            |       |       |       |       |    21 ||    21
       Battleaxe         |       |       |       |       |   273 ||   273
Throw: Throwing net      |       |     2 |     2 |     2 |       ||     6
Evoke: Wand              |       |     1 |       |     4 |       ||     5
  Use: Potion            |       |     6 |     5 |     5 |     5 ||    21
       Scroll            |       |       |    10 |     9 |     9 ||    28
 Stab: Held in net/web   |       |     1 |     2 |       |       ||     3
       Paralysed         |       |     1 |       |     3 |       ||     4
       Distracted        |       |       |       |       |     4 ||     4
Armor: Leather armour    |     5 |       |       |       |       ||     5
       Ring mail         |    17 |     9 |       |       |       ||    26
       Scale mail        |       |    22 |       |    13 |       ||    35
       Chain mail        |       |       |    88 |     7 |       ||    95
       Steam dragon scal |       |       |     1 |     1 |       ||     2
       Ice dragon scales |       |       |       |   282 |   306 ||   588
Dodge: Dodged            |    39 |    60 |    67 |   396 |   434 ||   996

Table legend: (Time is in decaauts)
 A = Elapsed time spent in this place.
 B = Non-inter-level travel time spent in this place.
 C = Inter-level travel time spent in this place.
 D = Time resting spent in this place.
 E = Time spent auto-exploring this place.
 F = Levels seen in this place.
 G = Mean time per level.
                   A        B        C        D        E       F      G
               +--------+--------+--------+--------+--------+-----+--------+
         Total |  29288 |  27701 |   1587 |   7716 |  15748 |  23 | 1273.4 |
       Dungeon |  13114 |  12404 |    710 |   1899 |   8517 |  12 | 1092.8 |
        Temple |    339 |    306 |     33 |      0 |    263 |   1 |  339.0 |
          Lair |  10244 |   9606 |    638 |   2412 |   5826 |   6 | 1707.3 |
  Orcish Mines |   4654 |   4449 |    205 |   2929 |    936 |   2 | 2327.0 |
      Ice Cave |    135 |    135 |      0 |      0 |     44 |   1 |  135.0 |
       Volcano |    798 |    798 |      0 |    476 |    161 |   1 |  798.0 |
               +--------+--------+--------+--------+--------+-----+--------+

Top non-repeatable levels by time:
   Orc:1: 3510 daAuts
  Lair:6: 2392 daAuts
  Lair:4: 1932 daAuts
  Lair:3: 1914 daAuts
     D:8: 1887 daAuts
  Lair:2: 1876 daAuts
     D:4: 1623 daAuts
     D:6: 1459 daAuts
  Lair:1: 1357 daAuts
     D:3: 1242 daAuts
     D:1: 1172 daAuts
     D:2: 1171 daAuts
   Orc:2: 1144 daAuts
    D:10: 1057 daAuts
     D:9: 969 daAuts
